 Dungeon Crawl Stone Soup version 0.20.0-15-g7f486f2 (console) character file.

102 bli the Skirmisher (level 4, -11/29 HPs)
             Began as a Gargoyle Monk on June 13, 2017.
             Killed by divine providence
             ... invoked by an orc priest
              (14 damage)
             ... on level 3 of the Dungeon.
             The game lasted 00:06:14 (1857 turns).

bli the Skirmisher (Gargoyle Monk)                  Turns: 1857, Time: 00:06:15

Health: -11/29     AC:  6    Str: 15    XL:     4   Next: 77%
Magic:  4/4        EV: 13    Int: 10    God:
Gold:   66         SH:  0    Dex: 13    Spells: 3/3 levels left

rFire    + . .     SeeInvis .   f - +2 whip (elec)
rCold    . . .     Gourm    .   (no shield)
rNeg     + . .     Faith    +   n - +0 leather armour
rPois    ∞         Spirit   .   (no helmet)
rElec    +         Reflect  .   (no cloak)
rCorr    .         Harm     .   (no gloves)
MR       .....                  (no boots)
Stlth    ++........             q - amulet of faith
Regen    0.1/turn               h - ring of protection from fire
MPRegen  0.1/turn               (no ring)

@: no status effects
A: negative energy resistance 1, electricity resistance, unbreathing,
petrification resistance, rot immunity, AC +3
a: no special abilities


You were on level 3 of the Dungeon.
You were not hungry.

You visited 1 branch of the dungeon, and saw 3 of its levels.

You collected 66 gold pieces.

Inventory:

Hand Weapons
 e - a cursed -2 dagger
 f - a +2 whip of electrocution (weapon)
Missiles
 c - 57 stones (quivered)
Armour
 a - a +0 robe
 k - a +0 scale mail
 n - a +0 leather armour (worn)
 s - a +0 ring mail
Jewellery
 h - a ring of protection from fire (left hand)
 q - an amulet of faith (around neck)
Scrolls
 i - 4 scrolls of identify {unknown}
 j - a scroll of teleportation {unknown}
 o - a scroll of blinking {unknown}
 p - a scroll of recharging {unknown}
Potions
 m - 2 potions of curing {unknown}
 r - a potion of cancellation {unknown}
Comestibles
 b - 3 bread rations
 d - 2 meat rations
 g - 2 chunks of flesh
 l - 4 royal jellies


   Skills:
 + Level 3.7 Fighting
 * Level 1.4 Maces & Flails
 * Level 0.9 Armour
 - Level 3.0 Dodging
 + Level 2.7 Stealth
 + Level 3.7 Unarmed Combat


You had 3 spell levels left.
You didn't know any spells.

Dungeon Overview and Level Annotations

Branches:
Dungeon (3/15)

Altars:


Innate Abilities, Weirdness & Mutations

You are resistant to torment.
Your stone body is resilient. (AC +3)
You are immune to poison.
You resist negative energy. (rN+)
You are resistant to electric shocks. (rElec)
You can survive without breathing.
You are immune to petrification.
You are immune to rotting.


Message History

Beogh smites you!
Ouch! That really hurt!
The orc hits you with a mace.
* * * LOW HITPOINT WARNING * * *
You barely miss the orc.
The orc is heavily wounded.
You hit the orc.
You kill the orc!
You whack the orc! Lightning courses through the orc!
You kill the orc!
The orc hits you with a dagger.
* * * LOW HITPOINT WARNING * * *
You hit the orc but do no damage. Lightning courses through the orc!
You kill the orc!
You hit the giant cockroach.
Lightning courses through the giant cockroach!
You kill the giant cockroach!
The orc priest invokes the aid of Beogh against you.
Beogh smites you!
You die...

...# ...# .# ...# #.#
...# #.# #### #.#
#######.# ## ##......#
... ##......# ..#
.#......# ..#
.#......##########o..#
...[............@)o..#
#.......##########...#
#.......# ..$.#
#.......# .#.#
#.......# # #
#.......# ##.#+##.#
#...##.##########
##..##..........#
#...............#
#.#.............#


You could see an orc priest and an orc.

Vanquished Creatures
  Terence (D:2)
  An adder (D:2)
  3 dart slugs (D:1)
  A leopard gecko (D:2)
  4 orcs (D:3)
  2 ball pythons
  2 giant cockroaches
  5 goblins
  8 hobgoblins
  4 jackals (D:2)
  3 quokkas (D:2)
  4 bats
  2 frilled lizards (D:2)
  5 kobolds
  7 rats
52 creatures vanquished.

Notes
Turn   | Place    | Note
-------+----------+-------------------------------------------
     0 | D:1      | bli the Gargoyle Monk began the quest for the Orb.
     0 | D:1      | Reached XP level 1. HP: 14/14 MP: 1/1
   375 | D:1      | Reached XP level 2. HP: 18/19 MP: 2/2
   755 | D:1      | Reached XP level 3. HP: 23/23 MP: 3/3
  1165 | D:2      | Noticed Terence
  1175 | D:2      | Killed Terence
  1175 | D:2      | Reached skill level 1 in Maces & Flails
  1175 | D:2      | Reached XP level 4. HP: 26/29 MP: 4/4
  1857 | D:3      | Killed from afar by an orc priest

Skill      XL: |  1  2  3 |
---------------+----------+-----
Maces & Flails | 1 |  1.4
Dodging        | 3 |  3.0
Fighting       | |  3.7
Armour         | |  0.9
Stealth        | |  2.7
Unarmed Combat | |  3.7

Action                   |  1- 3 |  4- 6 || total
-------------------------+-------+-------++-------
Melee: Unarmed           |   107 |       ||   107
       Punch             |     2 |       ||     2
       Whip              |    35 |    57 ||    92
 Stab: Sleeping          |     3 |     1 ||     4
  Eat: Chunk             |     1 |     2 ||     3
Armor: Robe              |    26 |     1 ||    27
       Leather armour    |       |     9 ||     9
Dodge: Dodged            |    98 |    37 ||   135
